 Dungeon Crawl Stone Soup version 0.31.0-32-g396128a36d (webtiles) character file.

Game seed: 13342873636310663681

13660 Curundu the Severer (level 11, -5/150 HPs)
             Began as a Minotaur Berserker on Apr 3, 2024.
             Was an Elder of Trog.
             Slain by a cyan ugly thing (15 damage)
             ... on level 11 of the Dungeon.
             The game lasted 00:32:00 (11747 turns).

Curundu the Severer (Minotaur Berserker)           Turns: 11747, Time: 00:32:01

Health: -5/150     AC: 24    Str: 26    XL:     11   Next: 78%
Magic:  10/10      EV:  6    Int:  4    God:    Trog [****..]
Gold:   828        SH:  5    Dex: 10    Spells: 10/10 levels left

rFire   . . .        q - +5 battleaxe
rCold   . . .        (shield currently unavailable)
rNeg    . . .        c - +0 crystal plate armour
rPois   +            (helmet restricted)
rElec   .            (no cloak)
rCorr   .            l - +2 pair of gloves
SInv    .            (no boots)
Will    +....        d - amulet of reflection Stlth
                     H - ring of willpower
HPRegen 0.45/turn    j - ring of poison resistance
MPRegen 0.12/turn

%: reflection
@: berserking, very quick
A: horns 2, retaliatory headbutt
a: Renounce Religion, Berserk, Trog's Hand, Brothers in Arms


You were on level 11 of the Dungeon.
You worshipped Trog.
Trog was greatly pleased with you.
You visited 1 branch of the dungeon, and saw 11 of its levels.

You collected 828 gold pieces.

Inventory:

Hand Weapons
 q - a +5 battleaxe (weapon)
 t - a +3 scimitar of flaming
 F - a +2 heavy war axe
Missiles
 f - 3 boomerangs (quivered)
 p - 2 javelins
Armour
 c - a +0 crystal plate armour (worn)
 l - a +2 pair of gloves (worn)
Jewellery
 d - an amulet of reflection (around neck)
 e - a +6 ring of dexterity
 g - a ring of protection from cold
 i - an amulet of regeneration
 j - a ring of poison resistance (right hand)
 v - a ring of resist corrosion
 H - a ring of willpower (left hand)
Wands
 n - a wand of charming (9)
 w - a wand of polymorph (9)
 A - a wand of quicksilver (9)
Scrolls
 a - a scroll of butterflies
 h - 9 scrolls of teleportation
 o - a scroll of identify
 x - a scroll of fear
 y - a scroll of fog
 C - 2 scrolls of silence
 I - a scroll of poison
 J - a scroll of blinking
Potions
 b - 2 potions of curing
 k - a potion of resistance {unknown}
 m - a potion of enlightenment
 r - 2 potions of might {unknown}
 s - 3 potions of lignification
 u - 2 potions of mutation {unknown}
 z - a potion of heal wounds {unknown}
 D - 2 potions of ambrosia {unknown}


   Skills:
 + Level 10.2 Fighting
 + Level 15.9 Axes
 + Level 2.5 Throwing
 + Level 11.0 Armour
 + Level 2.3 Dodging
 + Level 0.7 Stealth
 + Level 7.3 Shields


You had 10 spell levels left.
You didn't know any spells.
Your spell library was empty.

Dungeon Overview and Level Annotations

Branches:
Dungeon (11/15)            Temple (0/1) D:4            Lair (0/5) D:8
    Orc (0/2) D:10

Altars:
Ashenzari
Cheibriados
Dithmenos
Hepliaklqana
Kikubaaqudgha
Nemelex Xobeh
Okawaru
Qazlal
Ru
Trog
Uskayaw
Wu Jian
Xom
Yredelemnul
Zin
The Shining One

Shops:
D:2 (   D:11 *


Innate Abilities, Weirdness & Mutations

You have a pair of horns on your head.
You reflexively headbutt those who attack you in melee.


Message History

The cyan ugly thing basks in the mutagenic energy from its kin and changes!
You slice the cyan ugly thing!!
The cyan ugly thing is almost dead.
The purple ugly thing basks in the mutagenic energy from its kin and changes!
The cyan ugly thing gores you! The cyan ugly thing shocks you!
* * * LOW HITPOINT WARNING * * *
A red film seems to cover your vision as you go berserk!
You feel yourself moving faster!
You feel mighty!
The cyan ugly thing gores you but does no damage.
You barely miss the cyan ugly thing.
The cyan ugly thing is almost dead.
The cyan ugly thing gores you.
* * * LOW HITPOINT WARNING * * *
The cyan ugly thing shocks you!
* * * LOW HITPOINT WARNING * * *
You slice the cyan ugly thing!!
You kill the cyan ugly thing!
Trog accepts your kill.
You slice the purple ugly thing!!
Your headbutt misses the purple ugly thing.
The purple ugly thing is heavily wounded.
The purple ugly thing pecks you but does no damage.
The red ugly thing basks in the mutagenic energy from its kin and changes!
You slice the purple ugly thing!! You headbutt the purple ugly thing!
You feel the power of Trog in you as your rage grows.
You kill the purple ugly thing!
Trog accepts your kill.
Your Armour skill increases to level 11!
The cyan ugly thing basks in the mutagenic energy from its kin and changes!
Things that are here:
an ugly thing corpse; an ugly thing corpse You slice the cyan ugly thing!!
Your headbutt misses the cyan ugly thing.
The cyan ugly thing is heavily wounded.
You slash the cyan ugly thing!
The cyan ugly thing is severely wounded.
The cyan ugly thing gores you.
* * * LOW HITPOINT WARNING * * *
The cyan ugly thing shocks you!
You die...

#.# #...##### #.
#.###########.......######.
#######...................>......
.........#####################...
.........# #... .........# #...
)........# #...
.........#####################...
.......!........@uu..............
......<...########.##############
..........# #..#u.!.#.
..........# #.u#.#!#.#
..........########.uu....#.
########............'..#.ยงยง
#............'....#.
#............#.#.#.#
######.......#....#.


You could see 2 ugly things.

Vanquished Creatures
  Erica (D:8)
  A boulder beetle (D:11)
  A two-headed ogre (D:11)
  The ghost of jimmypageman the Charlatan, a novice GnWn of Okawaru (D:7)
  4 ugly things
  A manticore (D:10)
  A cyclops (D:11)
  A gargoyle (D:10)
  A kobold demonologist (D:11)
  5 trolls
  4 yaks
  2 wraiths (D:10)
  A wyvern (D:9)
  3 steam dragons
  5 vampire mosquitoes
  2 wargs (D:10)
  2 water moccasins
  4 ice beasts
  4 orc warriors
  2 black bears
  2 ogres
  8 centaurs
  A kobold brigand (D:9)
  3 bullfrogs
  A gnoll sergeant (D:10)
  A scorpion (D:4)
  26 wights
  9 killer bees
  2 howler monkeys
  2 jellies (D:5)
  2 gnoll boudas
  3 orc priests
  7 hounds
  A sleepcap (D:7)
  Jessica (D:2)
  2 iguanas (D:5)
  5 orc wizards
  Robin (D:2)
  7 adders
  12 gnolls
  A shadow imp (D:6)
  5 white imps
  2 ufetubi (D:6)
  4 dart slugs
  32 orcs
  2 bats
  2 bat zombies (D:3)
  6 endoplasms
  8 giant cockroaches
  17 goblins
  9 hobgoblins
  3 jackals (D:1)
  3 quokkas
  4 ball pythons
  3 frilled lizards
  2 frilled lizard zombies (D:3)
  8 kobolds
  4 rats
257 creatures vanquished.

Vanquished Creatures (others)
  2 yaks (D:10)
  An orc warrior (D:10)
  An orc wizard (D:8)
  An orc (D:8)
5 creatures vanquished.

Grand Total: 262 creatures vanquished

Notes
Turn   | Place    | Note
-------+----------+-------------------------------------------
     0 | D:1      | Curundu the Minotaur Berserker began the quest for the Orb.
     0 | D:1      | Reached XP level 1. HP: 19/19 MP: 0/0
    88 | D:1      | Reached XP level 2. HP: 18/27 MP: 1/1
   308 | D:1      | Reached skill level 4 in Axes
   451 | D:1      | Found a faded altar of an unknown god.
   531 | D:1      | Reached ** piety under Trog
   532 | D:1      | Reached XP level 3. HP: 34/34 MP: 2/2
   922 | D:2      | Noticed Robin
   935 | D:2      | Killed Robin
   936 | D:2      | Reached XP level 4. HP: 27/41 MP: 3/3
  1243 | D:2      | Noticed Jessica
  1257 | D:2      | Killed Jessica
  1258 | D:2      | Reached skill level 5 in Axes
  1305 | D:2      | Found Vokuing's Antique Weapon Emporium.
  1736 | D:3      | Reached XP level 5. HP: 45/46 MP: 4/4
  1916 | D:3      | Found an ancient bone altar of Kikubaaqudgha.
  2074 | D:3      | Reached *** piety under Trog
  2234 | D:4      | Noticed an ogre
  2244 | D:4      | Killed an ogre
  2245 | D:4      | Reached skill level 5 in Fighting
  2245 | D:4      | Reached skill level 6 in Axes
  2354 | D:4      | Found a sparkling altar of Nemelex Xobeh.
  2435 | D:4      | Reached XP level 6. HP: 56/56 MP: 5/5
  2443 | D:4      | Found a shadowy altar of Dithmenos.
  2470 | D:4      | Found a hazy altar of Hepliaklqana.
  2691 | D:4      | Found a staircase to the Ecumenical Temple.
  2769 | D:4      | Found a sacrificial altar of Ru.
  2980 | D:5      | Entered Level 5 of the Dungeon
  2980 | D:5      | Noticed an ice beast
  2981 | D:5      | Noticed a water moccasin
  2990 | D:5      | Killed an ice beast
  2991 | D:5      | Reached skill level 5 in Armour
  2991 | D:5      | Reached skill level 1 in Shields
  2993 | D:5      | Killed a water moccasin
  2994 | D:5      | Reached skill level 7 in Axes
  2994 | D:5      | Reached XP level 7. HP: 61/61 MP: 6/6
  3229 | D:5      | Reached skill level 8 in Axes
  3630 | D:5      | Reached XP level 8. HP: 70/70 MP: 7/7
  4207 | D:6      | Found an iron altar of Okawaru.
  4448 | D:6      | Reached skill level 9 in Axes
  4459 | D:6      | Reached skill level 1 in Throwing
  5089 | D:6      | Found an ornate altar of the Wu Jian Council.
  5124 | D:6      | Found a glowing golden altar of the Shining One.
  5433 | D:7      | Found a runed translucent door.
  5445 | D:7      | Reached XP level 9. HP: 52/78 MP: 8/8
  5449 | D:7      | Noticed jimmypageman's ghost (novice GnWn)
  5536 | D:7      | Killed jimmypageman's ghost
  5537 | D:7      | Reached skill level 10 in Axes
  5595 | D:7      | Reached skill level 5 in Shields
  5788 | D:7      | Reached **** piety under Trog
  6504 | D:8      | Reached skill level 11 in Axes
  6757 | D:8      | Noticed Erica
  6772 | D:8      | Killed Erica
  6831 | D:8      | Found a broken altar of Ashenzari.
  6876 | D:8      | Found a staircase to the Lair.
  7061 | D:8      | Found a runed translucent door.
  7185 | D:8      | Noticed a cyan ugly thing
  7193 | D:8      | Killed a cyan ugly thing
  7194 | D:8      | Reached skill level 12 in Axes
  7194 | D:8      | Reached XP level 10. HP: 67/88 MP: 9/9
  8164 | D:8      | Found a runed translucent door.
  8166 | D:8      | Found a runed translucent door.
  8520 | D:9      | Found a glowing silver altar of Zin.
  8523 | D:9      | Found a hide-covered altar of Uskayaw.
  8526 | D:9      | Found a bloodstained altar of Trog.
  8529 | D:9      | Found a basalt altar of Yredelemnul.
  8564 | D:9      | Reached skill level 13 in Axes
  9181 | D:9      | Found a snail-covered altar of Cheibriados.
  9481 | D:10     | Entered Level 10 of the Dungeon
  9495 | D:10     | Found a stormy altar of Qazlal.
  9527 | D:10     | Noticed a gargoyle
  9535 | D:10     | Killed a gargoyle
  9685 | D:10     | Reached skill level 14 in Axes
  9685 | D:10     | Reached skill level 10 in Armour
  9686 | D:10     | Reached XP level 11. HP: 89/97 MP: 10/10
  9708 | D:10     | Found a shimmering altar of Xom.
  9969 | D:10     | Found a staircase to the Orcish Mines.
 10532 | D:11     | Noticed a boulder beetle
 10543 | D:11     | Killed a boulder beetle
 10728 | D:11     | Found a runed translucent gate.
 10728 | D:11     | Found a runed translucent gate.
 10728 | D:11     | Found a runed translucent gate.
 10729 | D:11     | Noticed a purple ugly thing
 10729 | D:11     | Noticed a purple ugly thing
 10729 | D:11     | Noticed a green ugly thing
 10730 | D:11     | Noticed a purple ugly thing
 10731 | D:11     | Noticed a green ugly thing
 10731 | D:11     | Noticed a cyan ugly thing
 10765 | D:11     | Noticed a two-headed ogre
 10769 | D:11     | Killed a two-headed ogre
 10770 | D:11     | Reached skill level 15 in Axes
 10825 | D:11     | Identified the +3 flail of Grontol {heavy, Will+}
 11351 | D:11     | Found Raozxa's Neck Hole.
 11550 | D:11     | Reached skill level 10 in Fighting
 11737 | D:11     | Killed a cyan ugly thing
 11742 | D:11     | Killed a cyan ugly thing
 11744 | D:11     | Killed a purple ugly thing
 11747 | D:11     | Slain by a cyan ugly thing

Illustrated notes

Levels and vault maps discovered:
D:1:      tarquinn_simple_flora_water_c, layout_loops_ring,
          basic_ecumenical_altar, minivault_24, minmay_misc_feat_alley
D:2:      layout_basic, serial_shops, nicolae_shop_real_fake_doors,
          kennysheep_doodads, uniq_jessica, uniq_robin
D:3:      layout_basic, lemuel_zombie_altar_kikubaaqudgha
D:4:      layout_basic, nemelex_spade_bored_becter, lemuel_tele_altar,
          amcnicky_altar_gilded, nicolae_overflow_crystal_walls,
          minmay_temple_entry_statues_pillars, kennysheep_generic_room_14
D:5:      layout_cave_pods, minmay_misc_feat_hallway
D:6:      layout_basic, kennysheep_okawaru_gauntlet, jmf_multi_god_temple2
D:7:      layout_basic, ebering_ghost_reflecting_pool, interstate_on_off
D:8:      layout_loops_corners, nicolae_ashenzari_skybound, dpeg_oklobed_lair,
          serial_co_window_serial, co_window_of_opportunity_a,
          co_window_of_opportunity_a, co_window_of_opportunity_a,
          co_window_corner_a, co_window_paths_b, co_window_of_opportunity_c,
          co_window_of_opportunity_b, co_window_2corner, glass_columns_c,
          minmay_strange_pillars, lightli_church_of_beogh, uniq_erica
D:9:      layout_cave_pods, mainiacjoe_overflow_concentric_impassable,
          grunt_temple_overflow_cloverleaf, st_stairs_10, nicolae_wwwww,
          kennysheep_small_square
D:10:     layout_cave_pools, general_overflow_altar, xom_confusion_cloud,
          david_orc_1_choice, chequers_serial_rivers_small_a,
          grunt_decor_one_mirror, grunt_ministairs_5
D:11:     layout_small_grid, ploomutoo_gammafunk_ghost_potion_laboratory,
          nicolae_shop_sticking_my_neck_out

Skill      XL: |  1  2  3  4  5  6  7  8  9 10 11 |
---------------+----------------------------------+-----
Fighting       | 4 5 6 8 9 10 | 10.2
Axes           | 4 5 6 7 8 9 12 14 15 | 15.9
Armour         | 3 4 5 6 7 8 10 11 | 11.0
Shields        | 1 2 4 6 7 |  7.3
Throwing       | 2 |  2.5
Dodging        | |  2.3
Stealth        | |  0.7

Action                     |  1- 3 |  4- 6 |  7- 9 | 10-12 || total
---------------------------+-------+-------+-------+-------++-------
  Melee: Hand axe          |   102 |   126 |   206 |       ||   434
         Headbutt          |     9 |    21 |    58 |    42 ||   130
         Battleaxe         |       |       |    94 |   232 ||   326
  Throw: Boomerang         |       |       |    16 |     4 ||    20
 Invoke: Trog's Hand       |       |     1 |     3 |     3 ||     7
         Berserk           |       |     2 |     2 |     2 ||     6
    Use: Scroll            |       |       |    10 |     9 ||    19
         Potion            |       |       |       |     1 ||     1
   Stab: Invisible         |       |       |       |     1 ||     1
 Armour: Crystal plate arm |   117 |   134 |   356 |   353 ||   960
         Animal skin       |     2 |       |       |       ||     2
  Dodge: Dodged            |    21 |    22 |    81 |    77 ||   201
  Block: Other             |       |    16 |    77 |    60 ||   153
         Reflection        |       |       |       |     4 ||     4
